 Dungeon Crawl Stone Soup version 0.27.1 (webtiles) character file.

Game seed: 5825979500534787933

112 Tinkle the Chopper (level 4, -1/39 HPs)
             Began as a Minotaur Berserker on Sept 3, 2021.
             Was a Believer of Trog.
             Slain by a kobold (3 damage)
             ... on level 2 of the Dungeon.
             The game lasted 00:04:08 (2168 turns).

Tinkle the Chopper (Minotaur Berserker)             Turns: 2168, Time: 00:04:09

Health: -1/39      AC:  6    Str: 23    XL:     4   Next: 64%
Magic:  3/3        EV: 11    Int:  4    God:    Trog [**....]
Gold:   48         SH:  0    Dex:  9    Spells: 3/3 levels left

rFire    . . .     SeeInvis .   a - +0 hand axe
rCold    . . .     Faith    .   (no shield)
rNeg     . . .     Spirit   .   c - +0 ring mail
rPois    .         Reflect  .   (helmet restricted)
rElec    .         Harm     .   (no cloak)
rCorr    .         Rampage  .   d - +0 pair of gloves
Will     .....                  (no boots)
Stlth    ..........             (no amulet)
HPRegen  0.13/turn              (no ring)
MPRegen  0.08/turn              (no ring)

@: on berserk cooldown, slowed, very slow
A: horns 2, retaliatory headbutt
a: Renounce Religion, Berserk, Trog's Hand


You were on level 2 of the Dungeon.
You worshipped Trog.
Trog was pleased with you.
You visited 1 branch of the dungeon, and saw 2 of its levels.

You collected 48 gold pieces.

Inventory:

Hand Weapons
 a - a +0 hand axe (weapon)
Missiles
 f - 4 poisoned darts (quivered)
Armour
 c - a +0 ring mail (worn)
 d - a +0 pair of gloves (worn)
Scrolls
 b - a scroll of noise {unknown}
Potions
 e - 2 potions of degeneration {unknown}


   Skills:
 - Level 3.6 Fighting
 + Level 6.6 Axes
 - Level 2.4 Armour
 - Level 2.1 Dodging


You had 3 spell levels left.
You didn't know any spells.
Your spell library was empty.

Dungeon Overview and Level Annotations

Branches:
Dungeon (2/15)

Altars:
Ashenzari

Shops:
D:1 [


Innate Abilities, Weirdness & Mutations

You have a pair of horns on your head.
You reflexively headbutt those who attack you in melee.


Message History

You are too injured to fight recklessly!
The gnoll hits you from afar with a +0 halberd!
A red film seems to cover your vision as you go berserk!
You feel yourself moving faster!
You feel mighty! The gnoll barely misses you.
You feel a strong urge to attack something.
You slash the gnoll!
The gnoll is severely wounded.
You barely miss the gnoll. Your headbutt misses the gnoll.
The gnoll is severely wounded.
The gnoll closely misses you.
You slash the gnoll!
You kill the gnoll!
Trog accepts your kill. The gnoll closely misses you.
The gnoll barely misses you.
You see here a +0 flail.
You slash the gnoll!
You kill the gnoll!
Trog accepts your kill.
You hit the gnoll. The gnoll hits you but does no damage.
Things that are here:
a +0 halberd; a gnoll corpse You feel a strong urge to attack something.
You are no longer berserk.
You are exhausted.
You feel yourself slow down. The gnoll barely misses you.
The kobold hits you but does no damage.
You barely miss the gnoll.
The gnoll is moderately wounded.
You hit the kobold but do no damage. The gnoll hits you with a +0 flail.
* * * LOW HITPOINT WARNING * * *
The kobold hits you with a +0 club.
* * * LOW HITPOINT WARNING * * *
The gnoll hits you with a +0 flail.
* * * LOW HITPOINT WARNING * * *
You hit the kobold but do no damage. You hit the gnoll but do no damage.
The kobold closely misses you. The gnoll hits you with a +0 flail.
* * * LOW HITPOINT WARNING * * *
The kobold hits you with a +0 club.
You die...

.# #.# .## ####.#
.... ..#.#
...#.#.####
#.#.#....#
#......#.####
#(@........
#Kg).#####
......#)## #######.#
#####.## #.#
#....... ##'##
#.....## ##...##
##.....## ##.....##
##.......#
#.......###.........


You could see a gnoll and a kobold.

Vanquished Creatures
  Natasha (twice) (D:2)
  2 gnolls (D:2)
  2 dart slugs
  6 ball pythons
  7 bats
  3 endoplasms
  A hobgoblin (D:1)
  A quokka (D:1)
  4 frilled lizards (D:1)
  4 goblins
  6 kobolds
  4 rats
42 creatures vanquished.

Vanquished Creatures (others)
  A plant (D:1)
1 creature vanquished.

Grand Total: 43 creatures vanquished

Notes
Turn   | Place    | Note
-------+----------+-------------------------------------------
     0 | D:1      | Tinkle the Minotaur Berserker began the quest for the Orb.
     0 | D:1      | Reached XP level 1. HP: 19/19 MP: 0/0
   266 | D:1      | Reached skill level 4 in Axes
   927 | D:1      | Reached XP level 2. HP: 24/26 MP: 1/1
  1051 | D:1      | Found Jarinlih's Armour Shop.
  1367 | D:1      | Reached skill level 5 in Axes
  1720 | D:2      | Reached XP level 3. HP: 31/31 MP: 2/2
  1820 | D:2      | Noticed Natasha
  1828 | D:2      | Killed Natasha
  1828 | D:2      | Reached ** piety under Trog
  1942 | D:2      | Found a broken altar of Ashenzari.
  1963 | D:2      | Noticed Natasha
  1978 | D:2      | Killed Natasha
  1979 | D:2      | Reached skill level 6 in Axes
  1979 | D:2      | Reached XP level 4. HP: 39/39 MP: 3/3
  2168 | D:2      | Slain by a kobold

Illustrated notes

Levels and vault maps discovered:
D:1:      dpeg_arrival_leaves_temple_mockup, layout_loops_ring, serial_shops,
          nicolae_square_shop, minmay_shallow_snake_nest
D:2:      layout_loops_corners, basic_altar, grunt_ministairs_4,
          corexii_hall_statues_l, uniq_natasha

Skill      XL: |  1  2  3 |
---------------+----------+-----
Axes           | 4 5 6 |  6.6
Fighting       | |  3.6
Armour         | |  2.4
Dodging        | |  2.1

Action                   |  1- 3 |  4- 6 || total
-------------------------+-------+-------++-------
Melee: Hand axe          |    55 |    13 ||    68
       Headbutt          |     6 |     1 ||     7
Throw: Dart              |       |     2 ||     2
Invok: Berserk           |     1 |     1 ||     2
 Stab: Sleeping          |     1 |       ||     1
Armor: Animal skin       |     3 |       ||     3
       Ring mail         |     3 |     6 ||     9
       Skin              |     1 |       ||     1
Dodge: Dodged            |    40 |    16 ||    56
